 Dungeon Crawl Stone Soup version 0.29-a0-284-gf9362112df (webtiles) character file.

Game seed: 1230815521827303486

2456 sammy202020 the Fighter (level 9, 0/90 HPs)
             Began as a Gargoyle Berserker on Mar 24, 2022.
             Was a Priest of Trog.
             Slain by a two-headed ogre
             ... wielding a +0 giant spiked club
              (19 damage)
             ... on level 7 of the Dungeon.
             The game lasted 00:12:11 (7443 turns).

sammy202020 the Fighter (Gargoyle Berserker)        Turns: 7443, Time: 00:12:11

Health: 0/90       AC: 17    Str: 20    XL:     9   Next: 50%
Magic:  9/9        EV: 10    Int: 11    God:    Trog [***...]
Gold:   442        SH:  9    Dex: 11    Spells: 8/8 levels left

rFire   . . .      SeeInvis .   r - +1 flail
rCold   . . .      Faith    .   x - +0 buckler
rNeg    + . .      Spirit   .   q - +0 ring mail
rPois   ∞          Reflect  +   m - +0 helmet
rElec   +          Harm     .   c - +1 cloak
rCorr   .          Rampage  .   (no gloves)
Will    .....                   C - +0 pair of boots
Stlth   ..........              o - amulet of reflection
HPRegen 0.25/turn               (no ring)
MPRegen 0.11/turn               (no ring)

@: berserking, very quick
A: sickness immunity, AC +6, negative energy resistance 1, electricity
resistance, torment resistance 1, petrification resistance
a: Renounce Religion, Berserk, Trog's Hand


You were on level 7 of the Dungeon.
You worshipped Trog.
Trog was most pleased with you.
You visited 1 branch of the dungeon, and saw 7 of its levels.

You collected 442 gold pieces.

Inventory:

Hand Weapons
 a - a +0 mace
 l - a +0 hand axe
 r - a +1 flail (weapon)
Missiles
 b - 2 boomerangs (quivered)
Armour
 c - a +1 cloak (worn)
 m - a +0 helmet (worn)
 q - a +0 ring mail (worn)
 s - the +3 leather armour "Sidim" {-Tele rElec rN++ Will+}
   (You found it on level 3 of the Dungeon)

   rElec:     It insulates you from electricity.
   rN:        It greatly protects you from negative energy.
   -Tele:     It prevents most forms of teleportation.
   Will:      It increases your willpower.
 t - a +2 chain mail of willpower
 x - a +0 buckler (worn)
 C - a +0 pair of boots (worn)
Jewellery
 j - an amulet of the acrobat
 o - an amulet of reflection (around neck)
 v - a +6 ring of strength
 y - the ring of Nobility {+Blink rN+ Will++ MP+9 Dex-2}
   (You found it on level 5 of the Dungeon)

   [ring of magical power]

   Dex:       It affects your dexterity (-2).
   rN:        It protects you from negative energy.
   MP:        It affects your magic capacity (+9).
   +Blink:    It lets you blink.
   Will:      It greatly increases your willpower.
Wands
 w - a wand of polymorph (9)
 z - a wand of flame (20)
Scrolls
 e - 2 scrolls of fog {unknown}
 f - 2 scrolls of amnesia {unknown}
 g - a scroll of teleportation
 i - 2 scrolls of enchant armour
 u - 3 scrolls of identify
Potions
 d - 3 potions of lignification {unknown}
 h - 4 potions of brilliance
 k - a potion of mutation {unknown}
 n - 2 potions of resistance {unknown}
 p - 2 potions of degeneration {unknown}
 A - 2 potions of berserk rage {unknown}
 B - 3 potions of curing {unknown}


   Skills:
 * Level 9.0 Fighting
 * Level 8.1 Maces & Flails
 + Level 6.2 Armour
 - Level 1.6 Dodging
 + Level 3.7 Shields
 - Level 0.2 Evocations


You had 8 spell levels left.
You didn't know any spells.
Your spell library was empty.

Dungeon Overview and Level Annotations

Branches:
Dungeon (7/15)
 Temple: D:4-7

Altars:
Fedhas
Vehumet
Wu Jian

Shops:
D:3 !   D:6 :


Innate Abilities, Weirdness & Mutations

You are immune to sickness and miasma.
Your stone body is resilient. (AC +6)
You are immune to poison.
You resist negative energy. (rN+)
You are resistant to electric shocks. (rElec)
You are resistant to unholy torment.
You are immune to petrification.


Message History

You block the centaur's attack.
The centaur kicks you but does no damage.
The two-headed ogre hits you with a +0 giant spiked club!
You block the two-headed ogre's attack.
You hit the centaur.
The centaur is almost dead.
The centaur closely misses you. You block the centaur's attack.
The centaur closely misses you. x2
You sock the centaur!
You kill the centaur!
Trog accepts your kill.
The two-headed ogre hits you with a +0 giant spiked club!
You block the two-headed ogre's attack.
Your Fighting skill increases to level 9!
You are too injured to fight recklessly!
You are too injured to fight recklessly!
You are too injured to fight recklessly!
You are too injured to fight recklessly!
You are too injured to fight recklessly!
You are too injured to fight recklessly!
You are too injured to fight recklessly!
You are too injured to fight recklessly!
You are too injured to fight recklessly!
You are too injured to fight recklessly!
A red film seems to cover your vision as you go berserk!
You feel yourself moving faster!
You feel mighty! The two-headed ogre closely misses you.
The two-headed ogre hits you but does no damage.
You barely miss the two-headed ogre. You bludgeon the two-headed ogre!!
The two-headed ogre is moderately wounded.
The two-headed ogre hits you with a +0 giant spiked club!!
* * * LOW HITPOINT WARNING * * *
The two-headed ogre barely misses you.
You sock the two-headed ogre!
The two-headed ogre is heavily wounded.
You sock the two-headed ogre!
The two-headed ogre is severely wounded.
The two-headed ogre hits you with a +0 giant spiked club!!
You die...

######### #.......#
########## #.#####.#
#......... #.#...#.#
#.........
#.#.#.#†#######.........
.....................>..
#.#.#.#.#######..)......
..[...#.# #.@.......
#.#..<#.# #.#O..####
#.#..##.# ####'#...##
#.#.....# #...........
#.###.######............
#..........'............
###........#............
#........####...######
###........# #...#


You could see a two-headed ogre.

Vanquished Creatures
  Grinder (D:3)
  Eustachio (D:5)
  A wyvern (D:7)
  A steam dragon (D:7)
  Menkaure (D:5)
  An ice beast (D:6)
  2 black bears
  2 sky beasts (D:5)
  An ogre (D:6)
  A centaur (D:7)
  2 phantoms (D:6)
  3 scorpions
  6 killer bees (D:7)
  3 orc priests
  2 hounds
  2 jellies
  3 iguanas
  3 orc wizards
  5 adders
  2 shadow imps (D:6)
  3 white imps
  5 dart slugs
  A worm (D:2)
  15 orcs
  5 ball pythons
  5 bats
  7 endoplasms
  3 giant cockroaches
  3 goblins
  13 hobgoblins
  6 jackals (D:1)
  5 quokkas
  4 frilled lizards
  4 kobolds
  5 rats
127 creatures vanquished.

Notes
Turn   | Place    | Note
-------+----------+-------------------------------------------
     0 | D:1      | sammy202020 the Gargoyle Berserker began the quest for the
                  | Orb.
     0 | D:1      | Reached XP level 1. HP: 14/14 MP: 1/1
   322 | D:1      | Reached XP level 2. HP: 19/19 MP: 2/2
   594 | D:1      | Reached XP level 3. HP: 13/24 MP: 3/3
  1361 | D:2      | Reached ** piety under Trog
  1556 | D:2      | Reached skill level 4 in Fighting
  2070 | D:2      | Reached XP level 4. HP: 27/29 MP: 4/4
  2687 | D:3      | Reached XP level 5. HP: 27/34 MP: 5/5
  2922 | D:3      | Identified the +3 leather armour "Sidim" {-Tele rElec rN++
                  | Will+}
  3029 | D:3      | Found Qaoc's Distillery.
  3049 | D:3      | Noticed Grinder
  3065 | D:3      | Paralysed by Grinder for 2 turns
  3365 | D:3      | Killed Grinder
  3366 | D:3      | Reached skill level 5 in Fighting
  3366 | D:3      | Reached skill level 5 in Maces & Flails
  3366 | D:3      | Reached XP level 6. HP: 38/40 MP: 6/6
  3893 | D:4      | Identified the +1 leather armour of the Worm {rElec Int+4}
  3947 | D:4      | Found a blossoming altar of Fedhas.
  3975 | D:4      | Reached XP level 7. HP: 41/45 MP: 7/7
  4192 | D:4      | Reached skill level 6 in Fighting
  4566 | D:5      | Entered Level 5 of the Dungeon
  4568 | D:5      | Noticed Menkaure
  4578 | D:5      | Killed Menkaure
  5018 | D:5      | Reached *** piety under Trog
  5062 | D:5      | Identified the ring of Nobility {+Blink rN+ Will++ MP+9
                  | Dex-2}
  5074 | D:5      | Noticed Eustachio
  5116 | D:5      | Killed Eustachio
  5117 | D:5      | Reached skill level 7 in Fighting
  5117 | D:5      | Reached skill level 1 in Shields
  5117 | D:5      | Reached XP level 8. HP: 20/53 MP: 8/8
  5450 | D:5      | Reached skill level 5 in Armour
  6049 | D:6      | Found Puxzo's Book Shop.
  6062 | D:6      | Found a radiant altar of Vehumet.
  6122 | D:6      | Reached skill level 8 in Fighting
  6182 | D:6      | Reached XP level 9. HP: 37/59 MP: 9/9
  6462 | D:6      | Found an ornate altar of the Wu Jian Council.
  7428 | D:7      | Identified the +0 robe "Duicsiorcha" {rF++ Str+3 Dex-2}
  7430 | D:7      | Noticed a two-headed ogre
  7439 | D:7      | Reached skill level 9 in Fighting
  7443 | D:7      | Slain by a two-headed ogre

Illustrated notes

Levels and vault maps discovered:
D:1:      dpeg_arrival_central, layout_basic
D:2:      layout_loops_ring
D:3:      minmay_inner_zag, layout_basic, serial_shops, nicolae_shop_trees,
          uniq_grinder
D:4:      layout_rooms, lemuel_tele_altar, serial_corexii_hall,
          chequers_hall_statues_corner_a, corexii_hall_statues_i,
          corexii_hall_statues_i, corexii_hall_statues_u,
          chequers_hall_statues_corner_a, chequers_hall_statues_wall_a,
          st_stairs_2
D:5:      layout_loops_ring, uniq_menkaure, uniq_eustachio
D:6:      layout_rooms, mainiacjoe_overflow_alcove_1,
          mainiacjoe_overflow_small_starburst, serial_shops, shop,
          kennysheep_cross_bottleneck
D:7:      layout_basic, lightli_temple_of_fire, makhleb_grotto_becter,
          temple_hall, minmay_manual_mullet, uniq_prince_ribbit1

Skill      XL: |  1  2  3  4  5  6  7  8  9 |
---------------+----------------------------+-----
Fighting       | 4 5 7 8 9 |  9.0
Armour         | 3 4 5 6 |  6.2
Maces & Flails | 4 5 6 7 8 |  8.1
Shields        | 1 2 3 |  3.7
Dodging        | |  1.6
Evocations     | |  0.2

Action                   |  1- 3 |  4- 6 |  7- 9 || total
-------------------------+-------+-------+-------++-------
Melee: Mace              |   144 |    59 |       ||   203
       Punch             |     1 |       |       ||     1
       Flail             |       |    80 |   348 ||   428
Invok: Berserk           |     1 |     2 |     3 ||     6
       Trog's Hand       |       |     1 |     3 ||     4
  Use: Scroll            |       |     8 |       ||     8
 Stab: Sleeping          |     1 |     1 |       ||     2
Armor: Animal skin       |    67 |    27 |       ||    94
       Chain mail        |       |    59 |   142 ||   201
       Ring mail         |       |     8 |    66 ||    74
Dodge: Dodged            |   110 |    77 |   132 ||   319
Block: Buckler           |       |       |   144 ||   144
       Other             |       |       |     3 ||     3
       Reflection        |       |       |     4 ||     4

Table legend: (Time is in decaauts)
 A = Elapsed time spent in this place.
 B = Non-inter-level travel time spent in this place.
 C = Inter-level travel time spent in this place.
 D = Time resting spent in this place.
 E = Time spent auto-exploring this place.
 F = Levels seen in this place.
 G = Mean time per level.
                   A        B        C        D        E       F      G
               +--------+--------+--------+--------+--------+-----+--------+
         Total |   7573 |   7325 |    248 |     98 |   5755 |   7 | 1081.9 |
       Dungeon |   7573 |   7325 |    248 |     98 |   5755 |   7 | 1081.9 |
               +--------+--------+--------+--------+--------+-----+--------+

Top non-repeatable levels by time:
     D:3: 1497 daAuts
     D:5: 1412 daAuts
     D:1: 1236 daAuts
     D:2: 989 daAuts
     D:4: 923 daAuts
     D:6: 910 daAuts
     D:7: 603 daAuts
